AoeStats
← Chexco9004

African Clearing

510891155Analyzed
4v4 RM · 10h ago on Oct 3, 2026· 43m 2s· 8 players
Game mode
Random Map
Map size
Large (8 player)
Population
200
Speed
Normal
Resources
Standard
Victory
Conquest
Starting age
Dark Age
Ending age
Imperial Age
RankedLock teamsTeams togetherTeam positionsShared explorationLock speedFull tech treeHidden civsTurbo modeCheats
Victory
Defeat
🇹🇷 Koreans · Türkiye
1114
+16
🇩🇪 Huns · Germany
1070
+18
🇫🇮 Maya · Finland
1052
+19
🇹🇷 Vietnamese · Türkiye
1043
+19
🇦🇷 Poles · Argentina
1136
-19
🇲🇽 Huns · Mexico
1135
-19
🇪🇸 Persians · Spain
1117
-18
🇨🇴 Ethiopians · Colombia
1070
-16
CoskunKaya
6:24 Loom
17:21 Feudal Age
21:29 Double-Bit Axe
28:31 Horse Collar
29:45 Stone Mining
35:55 Castle Age
34:04 Gold Mining
34:27 Fletching
34:42 Padded Archer Armor
36:01 Wheelbarrow
35:12 Town Watch
37:55 Stone Shaft Mining
37:30 Bow Saw
37:21 Heavy Plow
41:03 Hand Cart
42:16 Bodkin Arrow
42:37 Leather Archer Armor
Hrakiir
10:26 Loom
13:34 Feudal Age
15:17 Bloodlines
15:33 Scale Barding Armor
15:46 Double-Bit Axe
16:45 Wheelbarrow
16:41 Forging
23:55 Fletching
27:37 Castle Age
26:42 Padded Archer Armor
29:44 Chain Barding Armor
29:35 Husbandry
38:35 Horse Collar
12345
4:54 Loom
14:56 Feudal Age
15:31 Double-Bit Axe
22:17 Castle Age
22:38 Gold Mining
22:38 Stone Mining
22:30 Horse Collar
24:04 Bow Saw
24:04 Fletching
31:32 Heavy Plow
33:53 Wheelbarrow
33:03 Town Watch
36:34 Hand Cart
36:03 Crossbowman
40:17 Gold Shaft Mining
40:17 Stone Shaft Mining
43:01 Imperial Age
41:13 Eupseong
41:20 Thumb Ring
42:24 Bodkin Arrow
42:39 Forging
42:29 Scale Mail Armor
42:35 Scale Barding Armor
42:52 Ballistics
42:12 Treadmill Crane
42:27 Murder Holes
42:43 Fortified Wall
42:43 Masonry
Rölli
5:36 Loom
14:17 Feudal Age
20:24 Castle Age
21:32 Fletching
26:32 Bodkin Arrow
35:03 Padded Archer Armor
39:10 Thumb Ring
42:42 Horse Collar
Irianas
14:06 Feudal Age
14:52 Double-Bit Axe
15:12 Loom
16:56 Town Watch
23:33 Castle Age
22:30 Fletching
23:35 Crossbowman
26:30 Wheelbarrow
34:09 Bodkin Arrow
34:16 Padded Archer Armor
35:54 Bodkin Arrow
36:15 Leather Archer Armor
42:33 Forging
42:24 Scale Mail Armor
Chexco9004
4:42 Loom
42:32 Feudal Age
Xh4e
4:45 Loom
15:26 Feudal Age
20:15 Forging
29:51 Double-Bit Axe
29:50 Horse Collar
32:37 Gold Mining
32:37 Stone Mining
35:50 Castle Age
35:55 Elite Skirmisher
36:08 Pikeman
37:29 Iron Casting
36:55 Scale Mail Armor
37:28 Squires
37:14 Arson
37:22 Fletching
37:33 Padded Archer Armor
40:11 Husbandry
40:21 Bloodlines
42:03 Ballistics
CTM | My Little Pipii <3
13:05 Feudal Age
11:52 Loom
17:39 Castle Age
17:35 Double-Bit Axe
32:59 Loom
39:47 Imperial Age
39:20 Elite Skirmisher
44:00 Chemistry
43:20 Ballistics
Connection lost

Rejoining the realm…

Still unreachable

The connection could not be restored.

Session expired

The server has moved on; the page needs a fresh start.